[Event "ICC tourney 1877 (15 10)"]
[Site "Internet Chess Club"]
[Date "2020.06.14"]
[Round "1"]
[White "arconsul2"]
[Black "watermelon"]
[Result "1/2-1/2"]
[ICCResult "Game drawn by mutual agreement"]
[WhiteElo "1369"]
[BlackElo "1306"]
[Opening "English: Neo-Catalan declined"]
[ECO "E06"]
[NIC "RE.11"]
[Time "12:45:34"]
[TimeControl "900+10"]

1. c4 e6 2. g3 d5 3. Bg2 Nf6 4. Nf3 Be7 5. O-O O-O 6. d4 c5 7. cxd5 exd5 8.
dxc5 Bxc5 9. Bg5 Nbd7 10. Nc3 h6 11. Bxf6 Nxf6 12. Nd4 Re8 13. e3 Bg4 14.
Qb3 Bxd4 15. exd4 Ne4 16. Qxb7 Nxc3 17. bxc3 Be6 18. Rab1 Qa5 19. Qb3 Rac8
20. Rfc1 Rc4 21. Rb2 Rec8 22. Rcc2 Rxc3 23. Rxc3 Qxc3 24. Qxc3 Rxc3 25. h3
Rc1+ 26. Kh2 Rd1 27. Rb7 Rxd4 28. Rxa7 Rd2 29. Kg1 Rd1+ 30. Kh2 Rd2 31. Ra8+
Kh7 32. a4 Rxf2 33. Kg1 Ra2 34. a5 d4 35. Be4+ g6 36. a6 Ra1+ 37. Kh2 Ra2+
38. Kg1 Ra1+ 39. Kf2 Bc4 40. a7 Ra2+ {Game drawn by mutual agreement}
1/2-1/2

[Event "ICC tourney 1877 (15 10)"]
[Site "Internet Chess Club"]
[Date "2020.06.14"]
[Round "2"]
[White "BlunderMaster17"]
[Black "mrneale"]
[Result "1-0"]
[ICCResult "Black checkmated"]
[WhiteElo "1469"]
[BlackElo "1521"]
[Opening "Philidor: Hanham variation"]
[ECO "B07"]
[NIC "QO.17"]
[Time "13:52:22"]
[TimeControl "900+10"]

1. d4 d6 2. e4 Nd7 3. Nf3 e5 4. Bc4 Be7 5. dxe5 Nxe5 6. Nxe5 dxe5 7. Qh5 g6
8. Qxe5 f6 9. Qb5+ Qd7 10. Qb3 Kf8 11. Bxg8 Rxg8 12. Bh6+ Rg7 13. Bxg7+ Kxg7
14. Nc3 Qc6 15. O-O-O a6 16. h4 b5 17. h5 Be6 18. Nd5 Bxd5 19. exd5 Qd6 20.
hxg6 hxg6 21. Qh3 Qf4+ 22. Kb1 f5 23. Qh7+ Kf6 24. Rhe1 Bd6 25. Re6+ Kg5 26.
Rxg6# {Black checkmated} 1-0

[Event "ICC tourney 1877 (15 10)"]
[Site "Internet Chess Club"]
[Date "2020.06.14"]
[Round "2"]
[White "FluffyKittens"]
[Black "sanjayselvam"]
[Result "1-0"]
[ICCResult "Black resigns"]
[WhiteElo "1522"]
[BlackElo "1486"]
[Opening "Queen's bishop game"]
[ECO "A45"]
[NIC "QP.07"]
[Time "13:52:05"]
[TimeControl "900+10"]

1. d4 Nf6 2. Bf4 d5 3. Nf3 e6 4. h3 Bd6 5. e3 Bxf4 6. exf4 O-O 7. Bd3 b6 8.
Nbd2 Bb7 9. O-O c5 10. c3 Nc6 11. Qe2 Re8 12. Ne5 Qc7 13. Ndf3 a5 14. Rac1
c4 15. Bb1 b5 16. Ng5 Rf8 17. a4 b4 18. Ng4 Qxf4 19. Nxf6+ gxf6 20. Qh5
{Black resigns}
1-0

[Event "ICC tourney 1877 (15 10)"]
[Site "Internet Chess Club"]
[Date "2020.06.14"]
[Round "2"]
[White "chesscracker40"]
[Black "blackmanrook"]
[Result "0-1"]
[ICCResult "White resigns"]
[WhiteElo "1543"]
[BlackElo "1668"]
[Opening "Caro-Kann defense"]
[ECO "B15"]
[NIC "CK.05"]
[Time "13:52:01"]
[TimeControl "900+10"]

1. e4 c6 2. d4 d5 3. Nc3 e6 4. e5 c5 5. Nf3 a6 6. Be3 cxd4 7. Nxd4 Ne7 8.
Bd3 Nbc6 9. Nce2 Nxe5 10. f4 Nxd3+ 11. Qxd3 Bd7 12. O-O Rc8 13. Nc3 g6 14.
h4 Bg7 15. Nf3 Nf5 16. h5 Bxc3 17. bxc3 Bb5 18. Qd2 Bxf1 19. Rxf1 gxh5 20.
Nd4 Ng3 {White resigns} 0-1

[Event "ICC tourney 1877 (15 10)"]
[Site "Internet Chess Club"]
[Date "2020.06.14"]
[Round "2"]
[White "dmartins2008"]
[Black "TarraschKan"]
[Result "0-1"]
[ICCResult "White resigns"]
[WhiteElo "1253"]
[BlackElo "1381"]
[Opening "French: Steinitz variation"]
[ECO "C11"]
[NIC "FR.04"]
[Time "13:52:14"]
[TimeControl "900+10"]

1. e4 e6 2. d4 d5 3. Nc3 Nf6 4. e5 Nfd7 5. Nf3 c5 6. Be2 cxd4 7. Qxd4 Nc6 8.
Qf4 Qc7 9. Nb5 Qb6 10. Nc3 a6 11. O-O Qc7 12. Be3 Ndxe5 13. Nxe5 Qxe5 14.
Qxe5 Nxe5 15. Bf4 Ng6 16. Bg3 Bd7 17. Rfe1 Rc8 18. Bf3 Be7 19. Rad1 O-O 20.
Bh5 Bb4 21. Bxg6 hxg6 22. Be5 f6 23. Bd4 e5 24. Bb6 d4 25. Nd5 Bxe1 26. Ne7+
Kf7 27. Nxc8 Rxc8 28. Rxe1 Rxc2 {White resigns} 0-1

[Event "ICC tourney 1877 (15 10)"]
[Site "Internet Chess Club"]
[Date "2020.06.14"]
[Round "2"]
[White "steinutz"]
[Black "funchesser"]
[Result "0-1"]
[ICCResult "White checkmated"]
[WhiteElo "1362"]
[BlackElo "1401"]
[Opening "Trompowsky attack (Ruth, Opocensk? opening)"]
[ECO "A45"]
[NIC "QP.07"]
[Time "13:53:31"]
[TimeControl "900+10"]

1. d4 Nf6 2. Bg5 h6 3. Bxf6 exf6 4. e3 d5 5. Nd2 Bd6 6. Bd3 Nc6 7. c3 O-O 8.
Qh5 Ne7 9. Ngf3 c5 10. O-O c4 11. Bc2 f5 12. Nh4 Be6 13. Nxf5 Bxf5 14. Bxf5
g6 15. Bxg6 fxg6 16. Qxh6 Rf7 17. e4 Rh7 18. Qg5 Bxh2+ 19. Kh1 Bf4+ 20. Kg1
Bxg5 21. Nf3 Bf4 22. exd5 Nxd5 23. Rfe1 Bh2+ 24. Nxh2 Qh4 25. Nf3 Qh1#
{White checkmated}
0-1

[Event "ICC tourney 1877 (15 10)"]
[Site "Internet Chess Club"]
[Date "2020.06.14"]
[Round "2"]
[White "albli"]
[Black "evg1234567"]
[Result "1-0"]
[ICCResult "Black resigns"]
[WhiteElo "1601"]
[BlackElo "1680"]
[Opening "Sicilian: dragon, Yugoslav attack, 10.O-O-O"]
[ECO "B78"]
[NIC "SI.18"]
[Time "13:52:36"]
[TimeControl "900+10"]

1. e4 c5 2. Nf3 d6 3. d4 cxd4 4. Nxd4 Nf6 5. Nc3 g6 6. Be3 Bg7 7. f3 O-O 8.
Qd2 Nc6 9. Bc4 Bd7 10. O-O-O Rc8 11. Bb3 Nxd4 12. Bxd4 b5 13. Kb1 a5 14.
Bxf6 Bxf6 15. Nd5 Bg7 16. a3 b4 17. axb4 axb4 18. Nxb4 Ra8 19. c3 Qa5 20.
Kc2 Rfc8 21. Nd5 Qd8 22. Ra1 Rab8 23. Nf4 Qb6 24. Ra3 Bh6 25. Nd5 Bxd2 26.
Nxb6 Rxb6 27. Kxd2 Rcb8 28. Kc2 Be6 29. c4 Rc8 30. Kc3 Kg7 31. Ba2 Rcb8 32.
b3 Kf6 33. Bb1 Rc8 34. Bd3 d5 35. exd5 Bxd5 36. Kd4 Be6 37. Kc3 Rd6 38. Be4
Rcd8 39. Ra2 Rb8 40. Rb2 Ke5 41. c5 Rdd8 42. b4 f5 43. Bc2 Bd5 44. Bb3 Bc6
45. Re1+ Kf4 46. Rxe7 Bb5 47. Bc4 Bxc4 48. Kxc4 Rd1 49. Rc2 Rb1 50. b5 R1xb5
51. Rxh7 Rb4+ 52. Kd5 R4b5 53. Kd6 Rd8+ 54. Rd7 Rc8 55. c6 Ke3 56. c7 Rb1
57. Rd8 Rd1+ 58. Ke7 Rdxd8 59. cxd8=Q Rxc2 60. Qb6+ Kd3 61. Qb3+ Kd2 62.
Qd5+ Kc1 63. f4 Rd2 64. Qc4+ Rc2 65. Qf1+ Kb2 66. Kf6 Rc6+ 67. Kg5 Rd6 68.
Qb5+ Ka2 69. Qa4+ Kb1 70. Qb4+ {Black resigns} 1-0

[Event "ICC tourney 1877 (15 10)"]
[Site "Internet Chess Club"]
[Date "2020.06.14"]
[Round "2"]
[White "pluto46"]
[Black "brfong"]
[Result "0-1"]
[ICCResult "White checkmated"]
[WhiteElo "1406"]
[BlackElo "1553"]
[Opening "R?ti opening"]
[ECO "A05"]
[NIC "QP.11"]
[Time "13:56:23"]
[TimeControl "900+10"]

1. Nf3 Nf6 2. g3 d5 3. Bg2 Bf5 4. O-O e6 5. d3 Nbd7 6. Bg5 Be7 7. Nc3 c6 8.
Re1 Bg6 9. e4 dxe4 10. dxe4 O-O 11. e5 Nd5 12. Bxe7 Qxe7 13. Nxd5 cxd5 14.
Nd4 a6 15. Nb3 Rac8 16. Na5 Qb4 17. Nb3 Bxc2 18. Qe2 Bxb3 19. axb3 Qxb3 20.
Rac1 Nb6 21. Red1 Nc4 22. Rd3 Qxb2 23. Qd1 Qxe5 24. Rb3 Nd6 25. Rb6 Rxc1 26.
Qxc1 Rc8 27. Qd1 Rc6 28. Rxc6 bxc6 29. Qa4 Qe1+ 30. Bf1 Ne4 31. Qxc6 Qxf2+
32. Kh1 Qxf1# {White checkmated} 0-1

[Event "ICC tourney 1877 (15 10)"]
[Site "Internet Chess Club"]
[Date "2020.06.14"]
[Round "2"]
[White "vinbiko"]
[Black "capetarget"]
[Result "1-0"]
[ICCResult "Black resigns"]
[WhiteElo "1381"]
[BlackElo "1253"]
[Opening "KGD: classical variation"]
[ECO "C30"]
[NIC "KG.05"]
[Time "13:52:12"]
[TimeControl "900+10"]

1. e4 e5 2. f4 Bc5 3. Nf3 d6 4. Nc3 Nc6 5. Na4 Bb6 6. Nxb6 axb6 7. c3 Nf6 8.
d3 O-O 9. Be2 Qe7 10. O-O Bd7 11. Bd2 Rfe8 12. f5 d5 13. Bg5 dxe4 14. Bxf6
Qxf6 15. dxe4 Rad8 16. Qc2 h6 17. g4 Kh8 18. h4 g5 19. hxg5 hxg5 20. Kg2 Kg7
21. Rh1 Rh8 22. Rxh8 Rxh8 23. Qd2 Rd8 24. Qxg5+ Qxg5 25. Nxg5 Kf6 26. Nf3
Rg8 27. Kg3 Ra8 28. a3 Ra4 29. g5+ Kg7 30. Rd1 Bc8 31. Nd2 Ra8 32. Nc4 Ra4
33. Kf3 Ra8 34. Ne3 Ra4 35. Nd5 Ra7 36. Nxc7 Ra4 37. Nd5 Ra7 38. Nxb6 Ne7
39. Rd8 Bxf5 40. exf5 Nxf5 41. Bd3 Nh4+ 42. Kg3 Ng6 43. Rd7 Ra6 44. Nc4 b5
45. Nd6 Rb6 46. Nf5+ Kg8 47. Nh6+ Kh8 48. Nxf7+ Kg8 49. Nd6 Nf8 50. Rd8 Kg7
51. Nxb5 Ne6 52. Rd6 Rxd6 53. Nxd6 Nxg5 54. a4 Ne6 55. a5 Nc5 56. Be2 Na4
57. a6 Nb6 58. c4 Kf6 59. c5 Na8 60. Nb5 Ke7 61. Bf3 {Black resigns} 1-0

[Event "ICC tourney 1877 (15 10)"]
[Site "Internet Chess Club"]
[Date "2020.06.14"]
[Round "2"]
[White "NSXchessplayer"]
[Black "vibi"]
[Result "1-0"]
[ICCResult "Black resigns"]
[WhiteElo "1444"]
[BlackElo "1474"]
[Opening "Sicilian defense"]
[ECO "B20"]
[NIC "SI.48"]
[Time "13:52:03"]
[TimeControl "900+10"]

1. e4 c5 2. d3 d5 3. exd5 Qxd5 4. Nf3 Nf6 5. g3 Bg4 6. Bg2 Qd7 7. h3 Bh5 8.
g4 Bg6 9. Bf4 Nc6 10. Nc3 e6 11. Qd2 h6 12. a3 Bd6 13. Bxd6 Qxd6 14. Nb5 Qd7
15. Qe3 a6 16. Nc3 Nd4 17. Qd2 Rd8 18. Ne5 Qc7 19. Nxg6 fxg6 20. Ne4 O-O 21.
Rc1 Nd5 22. O-O Nf4 23. Ng3 Nxh3+ 24. Kh2 Nf4 25. Qe3 Nxg2 26. Kxg2 Rf3 27.
Qe4 Qf7 28. c3 Nb3 29. Qxf3 Qxf3+ 30. Kxf3 Nxc1 31. Rxc1 Rxd3+ 32. Ke2 Rd8
33. Rd1 {Black resigns} 1-0

[Event "ICC tourney 1877 (15 10)"]
[Site "Internet Chess Club"]
[Date "2020.06.14"]
[Round "2"]
[White "PhaseShift"]
[Black "Cbf577"]
[Result "0-1"]
[ICCResult "White resigns"]
[WhiteElo "1693"]
[BlackElo "1409"]
[Opening "Queen's pawn game, Chigorin variation"]
[ECO "D02"]
[NIC "QP.08"]
[Time "13:52:10"]
[TimeControl "900+10"]

1. d4 d5 2. Nf3 Nc6 3. g3 Nf6 4. Bg2 e6 5. O-O Bd6 6. c4 dxc4 7. Nc3 Nd5 8.
e4 Nxc3 9. bxc3 O-O 10. Qc2 b5 11. Ng5 h6 12. Nh3 Bd7 13. Nf4 e5 14. dxe5
Nxe5 15. Be3 c6 16. a4 a6 17. Rfd1 Bg4 18. Rd2 Qe7 19. axb5 axb5 20. Rxa8
Rxa8 21. Bd4 Ra1+ 22. Bf1 Nf3+ 23. Kg2 Nxd2 24. Qxd2 Bxf4 25. Qxf4 Qe6 26.
Qb8+ Kh7 27. Qf8 Qxe4+ 28. Kg1 Qg6 29. Kg2 Bh3+ 30. Kxh3 Rxf1 31. Kg2 Re1
32. Qc5 Qe4+ 33. Kh3 Qe6+ 34. Kg2 Qd5+ 35. Qxd5 cxd5 36. Kf3 Rd1 37. Bc5 Re1
38. Bd4 Kg6 39. h4 Re6 40. g4 Kh7 41. Kg3 g5 42. hxg5 hxg5 43. f4 gxf4+ 44.
Kxf4 Re4+ 45. Kf3 Kg8 46. Bc5 Kg7 47. Bb4 Kf6 48. Bc5 Ke6 49. Bb4 Kd7 50.
Bc5 Kc6 51. Bb4 Kb6 52. g5 Ka6 53. Kg3 d4 54. cxd4 Rxd4 55. Kf3 c3 56. Ke3
Rc4 57. Ba3 c2 58. Bc1 Ka5 59. Kd3 Ka4 60. Bd2 c1=Q 61. Bxc1 Rxc1
{White resigns}
0-1

[Event "ICC tourney 1877 (15 10)"]
[Site "Internet Chess Club"]
[Date "2020.06.14"]
[Round "2"]
[White "Sanyi9Pakh"]
[Black "rcsong"]
[Result "1-0"]
[ICCResult "Black checkmated"]
[WhiteElo "1533"]
[BlackElo "1414"]
[Opening "English opening"]
[ECO "A20"]
[NIC "EO.24"]
[Time "13:52:17"]
[TimeControl "900+10"]

1. c4 e5 2. g3 Nf6 3. Bg2 Be7 4. Nc3 c6 5. e4 O-O 6. Nge2 d6 7. O-O Ne8 8.
f4 f5 9. fxe5 dxe5 10. d3 Nd6 11. Qb3 Be6 12. exf5 Nxf5 13. Qxb7 Nd7 14.
Qxc6 Nc5 15. Qxa8 Nxd3 16. Qxd8 Bc5+ 17. Kh1 Rxd8 18. Bd5 Bxd5+ 19. Nxd5 Rf8
20. Bg5 Nf2+ 21. Kg2 Ne4 22. g4 Nxg5 23. Rxf5 Nf7 24. Raf1 g6 25. Rf6 Kg7
26. Nc7 Kg8 27. Ne6 Be7 28. Nxf8 Bxf6 29. Rxf6 Kxf8 30. Kf3 Ke7 31. Rxf7+
Kxf7 32. Ke4 Ke6 33. Nc3 Kd6 34. b4 a6 35. a4 h5 36. gxh5 gxh5 37. h4 Ke6
38. Ne2 Kd6 39. Ng3 Kc6 40. Nxh5 a5 41. bxa5 Kc5 42. Kxe5 Kxc4 43. a6 Kb3
44. a7 Ka3 45. a8=Q Kb4 46. Qb8+ Ka3 47. a5 Ka4 48. a6 Ka5 49. a7 Ka6 50.
a8=Q# {Black checkmated} 1-0

[Event "ICC tourney 1877 (15 10)"]
[Site "Internet Chess Club"]
[Date "2020.06.14"]
[Round "2"]
[White "MalachiConstant"]
[Black "Sricharan07"]
[Result "0-1"]
[ICCResult "White checkmated"]
[WhiteElo "1285"]
[BlackElo "1375"]
[Opening "French: Winawer, advance, poisoned pawn, Konstantinopolsky variation"]
[ECO "C18"]
[NIC "FR.11"]
[Time "13:52:08"]
[TimeControl "900+10"]

1. e4 e6 2. d4 d5 3. Nc3 Bb4 4. e5 c5 5. a3 Bxc3+ 6. bxc3 Ne7 7. Qg4 Qc7 8.
Qxg7 Rg8 9. Qxh7 cxd4 10. Ne2 dxc3 11. f4 Nbc6 12. Qd3 d4 13. Nxd4 Nxd4 14.
Qxd4 Bd7 15. Be3 Nd5 16. Rb1 b6 17. Bd3 Rd8 18. Be4 Bc6 19. Rd1 Rd7 20. Kf2
Nf6 21. Bxc6 Qxc6 22. g3 Rxd4 23. Bxd4 Nd5 24. h4 Nxf4 25. gxf4 Qg2+ 26. Ke3
Rg3# {White checkmated} 0-1

[Event "ICC tourney 1877 (15 10)"]
[Site "Internet Chess Club"]
[Date "2020.06.14"]
[Round "2"]
[White "VeronicaG"]
[Black "VincentT2008"]
[Result "1-0"]
[ICCResult "Black resigns"]
[WhiteElo "1501"]
[BlackElo "1336"]
[Opening "King's Indian: fianchetto, Panno variation"]
[ECO "E63"]
[NIC "KI.71"]
[Time "13:52:18"]
[TimeControl "900+10"]

1. Nf3 Nf6 2. d4 g6 3. g3 Bg7 4. Bg2 d6 5. c4 O-O 6. Nc3 Nc6 7. O-O a6 8.
Qd3 Rb8 9. d5 Na7 10. a4 Bd7 11. e4 c5 12. e5 Ne8 13. Bf4 dxe5 14. Nxe5 Bf5
15. Qe3 Rc8 16. g4 Bd7 17. Nxd7 Qxd7 18. Bh3 Bd4 19. Qd3 Ng7 20. Be3 Be5 21.
Bh6 Qc7 22. f4 Bd4+ 23. Kh1 e6 24. Ne2 exd5 25. Nxd4 dxc4 26. Qxc4 cxd4 27.
Qxd4 Ne6 28. Qxa7 Rfd8 29. Qe3 Qc2 30. Rac1 Qxb2 31. Rxc8 Rxc8 32. f5 Rc2
33. fxe6 Rxh2+ 34. Kg1 {Black resigns} 1-0

[Event "ICC tourney 1877 (15 10)"]
[Site "Internet Chess Club"]
[Date "2020.06.14"]
[Round "2"]
[White "Krafterdudes"]
[Black "arconsul2"]
[Result "1-0"]
[ICCResult "Black resigns"]
[WhiteElo "1486"]
[BlackElo "1318"]
[Opening "QGD: classical variation (5.Bf4)"]
[ECO "D37"]
[NIC "QO.04"]
[Time "13:52:25"]
[TimeControl "900+10"]

1. d4 d5 2. c4 e6 3. Nf3 Nf6 4. Nc3 Be7 5. Bf4 O-O 6. e3 b6 7. Be2 c5 8. O-O
Bb7 9. Rc1 Nc6 10. a3 cxd4 11. exd4 Rc8 12. cxd5 Nxd5 13. Nxd5 exd5 14. Re1
Bf6 15. Be5 Nxe5 16. dxe5 Be7 17. Bb5 Bc5 18. b4 Be7 19. Qd4 a6 20. Ba4 b5
21. Bb3 Qd7 22. Red1 Rfd8 23. Rxc8 Qxc8 24. Ne1 Qd7 25. Nd3 g5 26. g3 Bf8
27. f4 Qg4 28. Nf2 Qf3 29. Rd3 Qe2 30. fxg5 Rc8 31. h4 Qe1+ 32. Kh2 Rc1 33.
Rd1 Rxd1 34. Bxd1 Bg7 35. Ng4 Qf1 36. Nf6+ Kh8 37. Qb6 Bxf6 38. Qxf6+ Kg8
39. Qxf1 {Black resigns} 1-0

[Event "ICC tourney 1877 (15 10)"]
[Site "Internet Chess Club"]
[Date "2020.06.14"]
[Round "2"]
[White "watermelon"]
[Black "chessw23"]
[Result "1-0"]
[ICCResult "Black resigns"]
[WhiteElo "1317"]
[BlackElo "1488"]
[Opening "QGD: exchange, positional line"]
[ECO "D35"]
[NIC "QO.16"]
[Time "13:52:01"]
[TimeControl "900+10"]

1. d4 d5 2. c4 e6 3. Nc3 Nf6 4. cxd5 exd5 5. Bg5 Be7 6. e3 h6 7. Bh4 O-O 8.
Bd3 Be6 9. Nge2 b6 10. O-O Nbd7 11. Nf4 c5 12. dxc5 bxc5 13. Bg3 Nb6 14. a4
Bd6 15. Re1 Bxf4 16. Bxf4 d4 17. exd4 cxd4 18. Nb5 Nfd5 19. Bg3 a6 20. Nxd4
Nb4 21. Nxe6 fxe6 22. Be4 Qxd1 23. Raxd1 Rac8 24. Bd6 Nxa4 25. Bxb4 Rfd8 26.
Rxd8+ Rxd8 27. b3 Nb6 28. Ba5 Rb8 29. Rd1 Nd5 30. Bc2 Rb5 31. Bd8 g5 32. h4
Rb8 33. Ba5 gxh4 34. Re1 Rb5 35. Bd2 Rc5 36. Bd3 Rc6 37. Bxh6 h3 38. gxh3
Rc3 39. Bxa6 Rd3 40. Bxd3 {Black resigns} 1-0

[Event "ICC tourney 1877 (15 10)"]
[Site "Internet Chess Club"]
[Date "2020.06.14"]
[Round "2"]
[White "MehPlayer"]
[Black "ajaccio111"]
[Result "0-1"]
[ICCResult "White resigns"]
[WhiteElo "1372"]
[BlackElo "1503"]
[Opening "Queen's pawn"]
[ECO "A40"]
[NIC "QO.17"]
[Time "13:52:10"]
[TimeControl "900+10"]

1. d4 e6 2. Bf4 Nf6 3. e3 d5 4. c3 Bd6 5. Bg3 O-O 6. Bd3 b6 7. Nf3 Bb7 8.
Nbd2 c5 9. Ne5 Nc6 10. f4 Qc7 11. Qf3 Nd7 12. Qh5 f5 13. Ndf3 Nf6 14. Qh3
Ng4 15. Ng5 h6 16. Nxe6 Qc8 17. Nxf8 Qxf8 18. Nxg4 fxg4 19. Qxg4 cxd4 20.
O-O dxe3 21. Qe6+ Kh8 22. Qxe3 Bc5 23. Bf2 Bxe3 24. Bxe3 Re8 25. Bd2 Qc5+
26. Kh1 d4 27. Rf3 dxc3 28. Bxc3 Nd4 29. Rh3 Qd5 30. Rg1 Rf8 31. f5 Nxf5 32.
Bxf5 Rxf5 33. Rxh6+ Kg8 34. Rg6 Rg5 35. Rxg5 Qxg5 36. h3 Qd5 37. Kh2 Qxa2
38. Rd1 Qf7 39. Rd2 Qf4+ 40. Kh1 Qe4 41. Kh2 b5 42. b4 a5 43. bxa5 b4
{White resigns}
0-1

[Event "ICC tourney 1877 (15 10)"]
[Site "Internet Chess Club"]
[Date "2020.06.14"]
[Round "2"]
[White "jnach"]
[Black "elytito2017"]
[Result "1/2-1/2"]
[ICCResult "Game drawn by repetition"]
[WhiteElo "1411"]
[BlackElo "1403"]
[Opening "Sicilian"]
[ECO "B56"]
[NIC "SI.25"]
[Time "13:54:30"]
[TimeControl "900+10"]

1. e4 c5 2. Nf3 Nc6 3. d4 cxd4 4. Nxd4 Nf6 5. Nc3 d6 6. Be3 Ng4 7. Bg5 h6 8.
Bh4 g5 9. Bg3 Bg7 10. Nf5 Bxf5 11. exf5 Bxc3+ 12. bxc3 Qa5 13. Qd2 Rc8 14.
Be2 Qxf5 15. O-O h5 16. h3 Nge5 17. Rfe1 h4 18. Bh2 Kf8 19. f4 gxf4 20. Bxf4
Rg8 21. Rf1 Qxh3 22. Bh5 Nc4 23. Bh6+ Ke8 24. Qe2 N6e5 25. Rae1 Kd7 26. Rxf7
Qxc3 27. Qe4 Rc6 28. Qf5+ Kc7 29. Rxe7+ Kb6 30. Rb1+ Ka6 31. Rbxb7 Qd4+ 32.
Kh2 Ra8 33. Qh3 Rb6 34. Rbc7 Rc6 35. Rb7 Rb6 36. Rbc7 Rc6 37. Rb7
{Game drawn by repetition}
1/2-1/2

[Event "ICC tourney 1877 (15 10)"]
[Site "Internet Chess Club"]
[Date "2020.06.14"]
[Round "2"]
[White "ChocolateBox"]
[Black "kralj8"]
[Result "0-1"]
[ICCResult "White forfeits on time"]
[WhiteElo "1525"]
[BlackElo "1704"]
[Opening "Scotch: Mieses variation"]
[ECO "C45"]
[NIC "SO.04"]
[Time "13:52:00"]
[TimeControl "900+10"]

1. e4 e5 2. Nf3 Nc6 3. d4 exd4 4. Nxd4 Nf6 5. Nxc6 bxc6 6. e5 Nd5 7. c4 Nb6
8. Bd3 d5 9. exd6 cxd6 10. Qf3 Bb7 11. O-O Be7 12. Re1 Qc7 13. Bf4 c5 14.
Qg3 Kf8 15. Rxe7 Kxe7 16. Qxg7 Rag8 17. Bg5+ Ke8 18. Qf6 h6 19. Nc3 hxg5 20.
Re1+ Kf8 21. Nb5 Qd7 22. Nxd6 Nc8 23. Re8+ Qxe8 24. Nxe8 Kxe8 25. Qe5+ Ne7
26. Qxc5 f6 27. Qxa7 Bc6 28. c5 Rh4 29. Qb8+ Kf7 30. Qb3+ Bd5 31. Qc3 Rc8
32. b4 Nc6 33. b5 Nb4 34. g3 Nxa2 35. Qa3 Rd4 36. Qa7+ Kf8 37. Qh7 Re8 38.
Qh6+ Ke7 39. Be2 Nc3 40. Qg7+ Ke6 41. Bg4+ Rxg4 {White forfeits on time} 0-1

[Event "ICC tourney 1877 (15 10)"]
[Site "Internet Chess Club"]
[Date "2020.06.14"]
[Round "2"]
[White "wjjones88"]
[Black "aarushnaveen"]
[Result "0-1"]
[ICCResult "White resigns"]
[WhiteElo "1741"]
[BlackElo "1439"]
[Opening "R?ti: King's Indian attack"]
[ECO "A05"]
[NIC "QP.11"]
[Time "13:52:10"]
[TimeControl "900+10"]

1. Nf3 Nf6 2. g3 g6 3. Bg2 Bg7 4. d3 O-O 5. O-O d6 6. e4 e5 7. c3 Nc6 8. Qc2
h6 9. Nbd2 d5 10. Re1 dxe4 11. dxe4 Be6 12. b4 a6 13. a4 Qd7 14. Bb2 b5 15.
Nb3 Rfd8 16. Nc5 Qe7 17. Nb7 Rdb8 18. Nc5 Rd8 19. Bf1 Bg4 20. axb5 axb5 21.
Nd2 Rab8 22. Ndb3 Bf8 23. Bc1 h5 24. Be3 Qe8 25. Ra6 Be7 26. Bh6 Nh7 27. h3
Bc8 28. Raa1 g5 29. Rad1 f6 30. c4 Rxd1 31. Qxd1 Bxc5 32. Nxc5 Nd4 33. cxb5
Qg6 34. Bc4+ Kh8 35. f4 gxf4 36. Bf8 Qxg3+ 37. Kh1 Qxh3+ 38. Kg1 Nxf8 39.
Be2 Qg3+ 40. Kh1 f3 41. Bxf3 Nxf3 42. Re2 Qh3+ {White resigns} 0-1

[Event "ICC tourney 1877 (15 10)"]
[Site "Internet Chess Club"]
[Date "2020.06.14"]
[Round "2"]
[White "combusken1123"]
[Black "abi2009"]
[Result "0-1"]
[ICCResult "White checkmated"]
[WhiteElo "1364"]
[BlackElo "1365"]
[Opening "Sicilian: Najdorf, 6.Bg5"]
[ECO "B94"]
[NIC "SI.04"]
[Time "13:52:04"]
[TimeControl "900+10"]

1. e4 c5 2. Nf3 d6 3. d4 cxd4 4. Nxd4 Nf6 5. Nc3 a6 6. Bg5 h6 7. Bh4 g5 8.
Bg3 Bg7 9. Bc4 Nc6 10. Nf5 Bxf5 11. exf5 Qd7 12. Bd3 h5 13. h4 gxh4 14. Bxh4
Ng4 15. Qd2 O-O-O 16. f3 Nge5 17. O-O-O Kb8 18. Kb1 Nxd3 19. Qxd3 Nd4 20. g4
Nb5 21. Nxb5 axb5 22. Bg3 hxg4 23. fxg4 Rxh1 24. Rxh1 Rh8 25. Re1 Bf6 26. a3
Rg8 27. Qf3 Qc6 28. Qe2 Rc8 29. Bf4 Qc4 30. Qh2 Ka8 31. g5 Bd4 32. Rxe7 b4
33. Qg2 d5 34. Qd2 bxa3 35. bxa3 Bc3 36. Qc1 Rc6 37. Be3 d4 38. Re8+ Ka7 39.
Qg1 dxe3 40. Qxe3+ Bd4 41. Qd3 Rb6+ 42. Kc1 Qxd3 43. cxd3 Bb2+ 44. Kd2 Bxa3
45. f6 Rc6 46. Ke3 Bc1+ 47. Kd4 Bxg5 48. Ke4 Bxf6 49. Kf5 Bc3 50. Rf8 f6 51.
Rd8 Rc5+ 52. Kg6 Rg5+ 53. Kf7 Rg3 54. d4 Rd3 55. Kxf6 Rxd4 56. Rc8 Rc4+ 57.
Ke6 Rxc8 58. Kd7 b5 59. Kxc8 b4 60. Kc7 b3 61. Kc6 b2 62. Kc5 b1=Q 63. Kc4
Qb4+ 64. Kd3 Qd4+ 65. Kc2 Ba5 66. Kb3 Qc3+ 67. Ka4 Qb4# {White checkmated}
0-1

[Event "ICC tourney 1877 (15 10)"]
[Site "Internet Chess Club"]
[Date "2020.06.14"]
[Round "2"]
[White "aghilan"]
[Black "KrishnaSaketh"]
[Result "0-1"]
[ICCResult "White forfeits on time"]
[WhiteElo "1546"]
[BlackElo "1475"]
[Opening "Sicilian: Najdorf, Opocensky variation"]
[ECO "B92"]
[NIC "SI.10"]
[Time "13:52:39"]
[TimeControl "900+10"]

1. e4 c5 2. Nf3 d6 3. d4 cxd4 4. Nxd4 Nf6 5. Nc3 a6 6. Be2 e5 7. Nb3 Nc6 8.
Be3 Be7 9. O-O b5 10. a3 O-O 11. f4 Bb7 12. f5 Nb8 13. Bf3 Nbd7 14. g4 h6
15. Qd2 Kh7 16. Qg2 Nb6 17. Na5 Nc4 18. Nxb7 Nxe3 19. Nxd8 Nxg2 20. Nc6 Ne3
21. Nxe7 Nxf1 22. Rxf1 Rfe8 23. Ned5 Nxd5 24. Nxd5 Rac8 25. c3 a5 26. Be2
Rb8 27. Nc7 Rec8 28. Nxb5 Rc5 29. a4 d5 30. Bf3 dxe4 31. Bxe4 Rc4 32. Bc2
Rxg4+ 33. Kh1 Rd8 34. h3 Rg3 35. Kh2 Re3 36. f6+ g6 37. Rf2 Re1 38. Na3 e4
39. Nc4 e3 40. Rg2 e2 41. Kg3 Rdd1 42. Ne3 Rg1 {White forfeits on time} 0-1

[Event "ICC tourney 1877 (15 10)"]
[Site "Internet Chess Club"]
[Date "2020.06.14"]
[Round "2"]
[White "rockinroll"]
[Black "Kurguz1"]
[Result "1/2-1/2"]
[ICCResult "Game drawn because neither player has mating material"]
[WhiteElo "1145"]
[BlackElo "1398"]
[Opening "Queen's pawn: London system"]
[ECO "A45"]
[NIC "QP.07"]
[Time "13:52:52"]
[TimeControl "900+10"]

1. d4 Nf6 2. Bf4 d5 3. e3 g6 4. Nf3 Bg7 5. c4 c5 6. dxc5 Qa5+ 7. Nc3 O-O 8.
Be2 Ne4 9. O-O Nxc3 10. bxc3 Bxc3 11. Rc1 Bf5 12. Qb3 Bd2 13. Nxd2 Qxd2 14.
Bf3 dxc4 15. Qxb7 Nd7 16. Qd5 Qxa2 17. Qxc4 Qxc4 18. Rxc4 Rac8 19. Rfc1 e5
20. Bh6 Rfd8 21. c6 Nb6 22. c7 Rd7 23. Bb7 Nxc4 24. Bxc8 Rxc7 25. Ba6 Be6
26. f3 f6 27. e4 g5 28. h4 gxh4 29. Kh2 Kf7 30. Be3 Ke7 31. Bxc4 Bxc4 32.
Bxa7 Rxa7 33. Rxc4 Kf8 34. Kh3 Ra2 35. Rc7 Kg8 36. Rd7 h5 37. Kxh4 Rxg2 38.
Kxh5 Rg7 39. Rxg7+ Kxg7 40. Kg4 Kg6 41. Kh4 f5 42. exf5+ Kxf5 43. Kg3 Kg5
44. Kf2 Kf4 45. Ke2 e4 46. fxe4 Kxe4
{Game drawn because neither player has mating material}
1/2-1/2

[Event "ICC tourney 1877 (15 10)"]
[Site "Internet Chess Club"]
[Date "2020.06.14"]
[Round "2"]
[White "poohfur"]
[Black "wolfemonster"]
[Result "0-1"]
[ICCResult "White resigns"]
[WhiteElo "1317"]
[BlackElo "1483"]
[Opening "Sicilian: Kan, 5.Nc3"]
[ECO "B43"]
[NIC "SI.41"]
[Time "13:52:09"]
[TimeControl "900+10"]

1. e4 c5 2. Nf3 e6 3. d4 cxd4 4. Nxd4 a6 5. Nc3 Qc7 6. f3 Nf6 7. Be3 Bb4 8.
Ne2 d5 9. Qd4 Nc6 10. Qd3 dxe4 11. fxe4 O-O 12. O-O-O b5 13. Bf4 e5 14. Bg5
Ng4 15. Qg3 Bc5 16. Nd5 Qa7 17. Qh4 f6 18. Bd2 Nf2 19. Bh6 Nxh1 20. Rd3 Rf7
21. Ng3 Nf2 22. Rf3 Ng4 23. Nf5 Bxf5 24. exf5 Nxh6 25. Rg3 Nxf5 26. Qg4 Nxg3
27. hxg3 Qd7 28. Nc3 Qxg4 {White resigns} 0-1